 Dungeon Crawl Stone Soup version 0.31-a0-152-g6aa68a64a1 (webtiles) character file.

Game seed: 5093833456169003175

140 qw the Shooter (level 5, 0/46 HPs)
             Began as a Minotaur Hunter on June 9, 2023.
             Slain by Pikel
             ... wielding a +2 whip of flaming
              (4 damage)
             ... on level 4 of the Dungeon.
             The game lasted 00:00:51 (1678 turns).

qw the Shooter (Minotaur Hunter)                    Turns: 1678, Time: 00:00:52

Health: 0/46       AC:  5    Str: 15      XL:     5   Next: 2%
Magic:  4/4        EV: 12    Int:  3 (6)  God:
Gold:   136        SH:  0    Dex: 14 (16) Spells: 4/4 levels left

rFire   . . .        Y - +0 shortbow
rCold   + . .        (shield currently unavailable)
rNeg    + . .        h - +1 leather armour {rC+}
rPois   .            (helmet restricted)
rElec   .            (no cloak)
rCorr   .            (no gloves)
SInv    .            e - +0 pair of boots
Will    .....        (no amulet)
Stlth   +            f - ring of positive energy
HPRegen 0.27/turn    (no ring)
MPRegen 0.09/turn

%: no passive effects
@: no status effects
A: horns 2, retaliatory headbutt
a: no special abilities


You were on level 4 of the Dungeon.
You visited 1 branch of the dungeon, and saw 4 of its levels.

You collected 136 gold pieces.


Innate Abilities, Weirdness & Mutations

You have a pair of horns on your head.
You reflexively headbutt those who attack you in melee.


   Skills:
 - Level 4.0 Fighting
 + Level 6.2 Ranged Weapons
 - Level 1.0 Armour
 - Level 2.1 Dodging
 - Level 0.7 Stealth


You had 4 spell levels left.
You didn't know any spells.
Your spell library was empty.

Inventory:

Hand Weapons
 Y - a +0 shortbow (weapon)
Armour
 e - a +0 pair of boots (worn)
 h - a +1 leather armour of cold resistance (worn)
Jewellery
 b - an amulet of faith
 c - a ring of ice
 f - a ring of positive energy (left hand)
Scrolls
 a - a scroll of identify
Potions
 i - a potion of ambrosia {unknown}
 j - a potion of lignification {unknown}

Dungeon Overview and Level Annotations

Branches:
Dungeon (4/15)
 Temple: D:4-7

Altars:
Ru

Shops:
D:2 ([[[

Annotations:
D:4 Pikel


Message History

The lemure hits you!
You shoot an arrow. The arrow closely misses the lemure.
The arrow hits the lemure but does no damage.
The lemure is lightly wounded.
You shoot an arrow.
The arrow hits the lemure but does no damage.
The lemure is severely wounded.
The lemure barely misses you. The lemure closely misses you.
You furiously retaliate!
You headbutt the lemure. You shoot an arrow.
The arrow barely misses the lemure.
The lemure hits you but does no damage.
You shoot an arrow. The arrow hits the lemure.
The lemure is severely wounded.
The lemure hits you!
You shoot an arrow. The arrow hits the lemure.
The lemure is almost dead.
Pikel hits you with a +2 whip of flaming!
Pikel burns you. The lemure misses you.
Pikel hits you with a +2 whip of flaming.
Pikel burns you. The lemure hits you.
You shoot an arrow. The arrow hits the lemure.
You kill the lemure!
That felt strangely unrewarding.
Pikel hits you with a +2 whip of flaming.
Pikel burns you.
1676 ||| DRINKING potion of heal wounds.
You feel much better.
A giant cockroach comes into view.
Pikel hits you with a +2 whip of flaming!
Pikel burns you.
You shoot an arrow.
The arrow hits Pikel but does no damage.
A giant cockroach comes into view.
Pikel hits you with a +2 whip of flaming.
Pikel burns you.
You shoot an arrow.
The arrow hits Pikel but does no damage.
Pikel hits you with a +2 whip of flaming!
Pikel burns you.
You die...

#. . #.#. .B.#
#. ##..# ...
.... ... #..# #
# #.##..##.#
#.#....@K55#
#.......##5B...
..).#...## ...
#.##.....# #
#........#
#.##...<.# #
##...## #####


You could see Pikel, 3 lemures and 2 giant cockroaches.

Vanquished Creatures
  A lemure (D:4)
  Jessica (D:2)
  An orc wizard (D:3)
  2 adders (D:3)
  A worm (D:2)
  4 dart slugs
  An orc (D:3)
  4 bats
  2 endoplasms (D:3)
  2 giant cockroaches
  9 goblins
  6 hobgoblins
  8 jackals
  2 quokkas
  3 ball pythons (D:3)
  A frilled lizard (D:1)
  4 kobolds
  3 rats
55 creatures vanquished.

Notes
Turn   | Place    | Note
-------+----------+-------------------------------------------
     0 | D:1      | qw the Minotaur Hunter began the quest for the Orb.
     0 | D:1      | Reached XP level 1. HP: 18/18 MP: 0/0
     0 | D:1      | 0 ||| qw: Version: 0.2-a-122-gbc61b45
     0 | D:1      | 0 ||| qw: Game counter: 3423
     0 | D:1      | 0 ||| qw: Always use a shield: true
     0 | D:1      | 0 ||| qw: God list: Okawaru
     0 | D:1      | 0 ||| qw: Allow faded altars: false
     0 | D:1      | 0 ||| qw: Do Orc after D:15 true
     0 | D:1      | 0 ||| qw: Do second Lair branch before Depths: true
     0 | D:1      | 0 ||| qw: Lair rune preference: random
     0 | D:1      | 0 ||| qw: Plans: Normal
     0 | D:1      | 0 ||| PLANNING D:1-11
   119 | D:1      | Reached XP level 2. HP: 25/25 MP: 1/1
   136 | D:1      | Reached skill level 5 in Ranged Weapons
   281 | D:1      | Reached skill level 3 in Fighting
   424 | D:1      | 424 ||| DROPPING scarf of invisibility.
   425 | D:1      | 425 ||| UPGRADING to ring of positive energy.
   426 | D:1      | 426 ||| READING 2 scrolls labelled JUPPORE PUYST.
   427 | D:1      | 427 ||| READING scroll labelled YSEAT RUTUUKK.
   428 | D:1      | 428 ||| READING scroll labelled UBU NUOLEGG.
   429 | D:1      | 429 ||| DROPPING scroll of butterflies.
   459 | D:2      | 459 ||| FLEEEEING.
   460 | D:2      | 460 ||| STAIRDANCE
   484 | D:2      | Reached XP level 3. HP: 31/31 MP: 2/2
   561 | D:2      | Found Orettadgh's Antique Armour Shoppe.
   570 | D:2      | 570 ||| SHOPLISTING dyed leather armour (125 gold, have
                  | 19).
   570 | D:2      | 570 ||| SHOPLISTING glowing leather armour (125 gold, have
                  | 19).
   570 | D:2      | 570 ||| SHOPLISTING glowing robe (92 gold, have 19).
   570 | D:2      | 570 ||| SHOPLISTING runed ring mail (175 gold, have 19).
   570 | D:2      | Found Riulelo's Armour Shop.
   579 | D:2      | 579 ||| SHOPLISTING +1 ring mail of poison resistance (182
                  | gold, have 30).
   579 | D:2      | 579 ||| SHOPLISTING +1 robe "Ceitom" {Contam Fly rPois}
                  | (187 gold, have 30).
   579 | D:2      | 579 ||| SHOPLISTING +2 pair of boots (231 gold, have 30).
   581 | D:2      | Found Dekhly's Weapon Boutique.
   697 | D:2      | Noticed Jessica
   699 | D:2      | Killed Jessica
   720 | D:2      | Found Eroneu's Antique Armour Shop.
   928 | D:2      | Found Vuhomic's General Store.
   979 | D:2      | 979 ||| UPGRADING to +0 ring mail.
   989 | D:2      | 989 ||| DROPPING +0 leather armour.
   990 | D:2      | 990 ||| READING scroll labelled WIHADI YTZUNE.
   991 | D:2      | 991 ||| DRINKING 2 metallic clear potions.
   992 | D:2      | 992 ||| DROPPING potion of degeneration.
  1052 | D:3      | Reached XP level 4. HP: 38/38 MP: 3/3
  1128 | D:3      | Reached skill level 1 in Armour
  1138 | D:3      | Reached skill level 6 in Ranged Weapons
  1161 | D:3      | Found a sacrificial altar of Ru.
  1174 | D:3      | 1174 ||| FLEEEEING.
  1181 | D:3      | 1181 ||| STAIRDANCE
  1197 | D:2      | 1197 ||| UPGRADING to +0 pair of boots.
  1202 | D:2      | 1202 ||| UPGRADING to +1 leather armour of cold resistance.
  1212 | D:2      | 1212 ||| DROPPING +0 ring mail.
  1213 | D:2      | 1213 ||| READING 2 scrolls of identify.
  1213 | D:2      | 1213 ||| IDENTIFYING silvery potion
  1419 | D:3      | Reached XP level 5. HP: 46/46 MP: 4/4
  1621 | D:3      | 1621 ||| READING 2 scrolls of identify.
  1621 | D:3      | 1621 ||| IDENTIFYING puce potion
  1622 | D:3      | 1622 ||| DROPPING potion of attraction.
  1664 | D:4      | Noticed Pikel
  1664 | D:4      | Noticed a lemure
  1664 | D:4      | Noticed a lemure
  1665 | D:4      | Noticed a lemure
  1667 | D:4      | Noticed a lemure
  1675 | D:4      | Killed a lemure
  1675 | D:4      | HP: 6/46 [Pikel/+2 whip of flaming (6)]
  1676 | D:4      | 1676 ||| DRINKING potion of heal wounds.
  1678 | D:4      | Slain by Pikel

Levels and vault maps discovered:
D:1:      lightli_arrival_chessboard, layout_rooms, minmay_tripent
D:2:      layout_rooms, serial_shops, shop, shop, shop,
          nicolae_shop_statue_plus, shop, glass_columns_c, chequers_mini_garden,
          uniq_jessica
D:3:      layout_rooms, nicolae_ru_great_annihilating_truth
D:4:      layout_loops_ring, kennysheep_slug_shrine, overflow_temple_1_default,
          uniq_pikel, uniq_sigmund

Skill      XL: |  1  2  3  4 |
---------------+-------------+-----
Ranged Weapons | 5 6 |  6.2
Fighting       | 3 4 |  4.0
Armour         | 1 |  1.0
Dodging        | |  2.1
Stealth        | |  0.7

Action                     |  1- 3 |  4- 6 || total
---------------------------+-------+-------++-------
   Fire: Shortbow          |    90 |    82 ||   172
    Use: Scroll            |     4 |     2 ||     6
         Potion            |     1 |     1 ||     2
 Armour: Leather armour    |     7 |     2 ||     9
         Ring mail         |       |     5 ||     5
  Dodge: Dodged            |    23 |    14 ||    37

Table legend:
 A = Non-vault XP
 B = Vault XP
 C = Vault XP percentage of total XP
 D = Non-vault monster count
 E = Vault monster count
 F = Vault count percentage of total count
                 A         B        C        D         E       F
            +---------+---------+-------+---------+---------+-------
      Total |     117 |      83 |  41.5 |      47 |       7 |  13.0
            +---------+---------+-------+---------+---------+-------
        D:1 |      33 |       5 |  13.2 |      16 |       2 |  11.1
        D:2 |      18 |      37 |  67.3 |       7 |       1 |  12.5
        D:3 |      66 |      41 |  38.3 |      24 |       4 |  14.3
            +---------+---------+-------+---------+---------+-------
